 Dungeon Crawl Stone Soup version 0.15-a0-58-gfb3cfe9 (console) character file.

896 DracheReborn the Cloud Mage (level 7, -2/46 HPs)
             Began as a Vampire Air Elementalist on Apr 5, 2014.
             Shot with an arrow by a centaur (19 damage)
             ... on Level 7 of the Dungeon.
             The game lasted 00:48:53 (5783 turns).

DracheReborn the Cloud Mage (VpAE)                  Turns: 5783, Time: 00:48:53

HP  -2/46        AC  8     Str  7      XL: 7   Next: 34%
MP   4/21        EV 12     Int 19      God:
Gold 217         SH  0     Dex 14      Spells:  4 memorised,  2 levels left

rFire  . . .     SeeInvis +     a - +2 dagger (protect) (curse)
rCold  . . .     Clarity  .     J - +1 robe {MR+}
rNeg   . . .     Conserve .     (no shield)
rPois  .         rCorr    .     (no helmet)
rElec  .         rRot     .     (no cloak)
SustAb + .       Spirit   .     (no gloves)
rMut   .         Warding  .     (no boots)
Saprov . . .     Stasis   .     (no amulet)
MR     +....                    j - ring of sustain abilities
                                A - ring of magical power

@: repel missiles, regenerating quickly, very slightly contaminated, somewhat
resistant to hostile enchantments, stealthy
A: bottle blood, fangs 3, see invisible, unbreathing
a: Bottle Blood


You were on level 7 of the Dungeon.
You were full.

You visited 1 branch of the dungeon, and saw 7 of its levels.

You collected 217 gold pieces.

Inventory:

Hand weapons
 a - a cursed +2,+2 dagger of protection (weapon)
 e - a +0,+0 short sword
 l - a +2,+0 sling
 p - a cursed +0,-2 sling
 u - a +0,+0 broad axe
 E - a +2,+2 mace of draining
 G - a +1,+0 mace of protection
Missiles
 k - 25 darts
 m - 17 sling bullets
 y - 3 needles of frenzy
 C - 21 poisoned needles
 D - 3 javelins (quivered)
Armour
 J - a +1 robe of magic resistance (worn)
Magical devices
 d - a wand of paralysis (12)
 n - a wand of enslavement (13)
 x - a wand of slowing (13)
 H - a wand of disintegration (21)
Scrolls
 f - 2 scrolls of identify
 o - a scroll of enchant armour
 s - 3 scrolls of remove curse
Jewellery
 j - a ring of sustain abilities (right hand)
 q - an uncursed ring of flight
 A - a ring of magical power (left hand)
Potions
 c - 3 potions of brilliance
 g - 7 potions of curing
 h - 2 potions of heal wounds
 r - a potion of invisibility
 F - 4 potions of blood {@w1}
 I - a potion of might
Books
 b - a book of Air

   Spells                             Type                      Level
   *Shock                             Conjuration/Air              1
   *Swiftness                         Charms/Air                   2
   *Repel Missiles                    Charms/Air                   2
   Flight                             Charms/Air                   3
   *Static Discharge                  Conjuration/Air              3
   Lightning Bolt                     Conjuration/Air              5
Magical staves
 i - an uncursed staff of wizardry


   Skills:
 - Level 2.1 Dodging
 - Level 3.0 Stealth
 - Level 2.0 Spellcasting
 - Level 0.6 Conjurations
 + Level 8.6 Air Magic


You had 2 spell levels left.
You knew the following spells:

 Your Spells              Type           Power        Failure   Level  Hunger
a - Shock                 Conj/Air       ###.         2%          1    #......
b - Static Discharge      Conj/Air       ###.....     10%         3    ####...
c - Swiftness             Chrm/Air       ###.....     6%          2    ##.....
d - Repel Missiles        Chrm/Air       ###...       6%          2    ##.....


Dungeon Overview and Level Annotations

Branches:
Dungeon (7/15)
 Temple: D:4-7

Altars:
Dithmenos
Makhleb
The Shining One

Annotations:
D:2 Sigmund


Innate Abilities, Weirdness & Mutations

Your natural rate of healing is unusually fast.
You can bottle blood from corpses.
You have razor-sharp teeth.*
You have supernaturally acute eyesight.
You can survive without breathing.*


Message History

Confirm with . or Enter, or press ? or * to list all spells.
Aiming: Shock
Press: ? - help, Shift-Dir - straight line, f - centaur
Aim: a centaur (moderately wounded)
The zap hits the centaur.
The centaur is moderately wounded.
The centaur hits you.
* * * LOW HITPOINT WARNING * * *
Damage: -11%(-5hp) hp: 55%(25hp) No God says: Careful, my servant.
You are injured.
Unknown command.
No God says: Careful, my servant.
You are injured.
Casting: Shock
Confirm with . or Enter, or press ? or * to list all spells.
Aiming: Shock
Press: ? - help, Shift-Dir - straight line, f/p - centaur
Aim: a centaur (moderately wounded)
The zap hits the centaur.
The centaur is heavily wounded.
* * * LOW MAGIC WARNING * * *
The centaur misses you. The centaur hits you.
* * * LOW HITPOINT WARNING * * *
Damage: -5%(-2hp) hp: 50%(23hp) No God says: Careful, my servant.
You are injured.
Casting: Shock
Confirm with . or Enter, or press ? or * to list all spells.
Aiming: Shock
Press: ? - help, Shift-Dir - straight line, f/p - centaur
Aim: a centaur (heavily wounded)
The zap misses the centaur.
* * * LOW MAGIC WARNING * * *
The centaur misses you.
No God says: Careful, my servant.
You are injured.
Casting: Shock
Confirm with . or Enter, or press ? or * to list all spells.
Aiming: Shock
Press: ? - help, Shift-Dir - straight line, f/p - centaur
Aim: a centaur (heavily wounded)
The zap hits the centaur.
The centaur is severely wounded.
* * * LOW MAGIC WARNING * * *
The centaur hits you!
* * * LOW HITPOINT WARNING * * *
The centaur closely misses you.
Huge Dmg: -16%(-7hp) hp: 37%(17hp) No God says: Careful, my servant.
You are injured.
No God says: Careful, my servant.
You are low on power.
The centaur wields an uncursed bow.
The centaur shoots an arrow.
The arrow hits you!
You die...

.. ##### .##...
.. ..... #.#
##...# #.#
##.#..#
#..###..#..#
.####...#...(..#
...............#
#.......(.c.@<..#
.#####.(####(..#
#.)# #)..# #..#
#...#### #..#
#......# #..#
#(#.##.# #..#
#.#.##.####.###
#..#
#.#.##.........
#..#
#.......###....


You could see a centaur.

Vanquished Creatures
  A phantom (D:4)
  An ogre (D:5)
  A jelly (D:3)
  A crimson imp (D:6)
  2 hounds
  3 worker ants
  An orc wizard (D:5)
  Ijyb (D:3)
  Jessica (D:2)
  A mummy (D:7)
  4 gnolls
  7 adders
  2 worms
  An adder skeleton (D:7)
  8 orcs
  10 bats
  3 giant cockroaches
  14 goblins
  9 hobgoblins
  12 kobolds
  2 oozes
  4 giant geckos
  A giant gecko skeleton (D:5)
  8 giant newts
  11 jackals
  2 quokkas
  6 rats
117 creatures vanquished.

Notes
Turn   | Place    | Note
--------------------------------------------------------------
     0 | D:1      | DracheReborn, the Vampire Air Elementalist, began the quest for the Orb.
     0 | D:1      | Reached XP level 1. HP: 13/13 MP: 3/3
    86 | D:1      | Huge Dmg: 4 dmg
   192 | D:1      | Huge Dmg: 4 dmg
   301 | D:1      | Huge Dmg: 5 dmg
   443 | D:1      | Reached XP level 2. HP: 19/19 MP: 2/4
   507 | D:1      | Huge Dmg: 2 dmg
   691 | D:1      | Reached skill level 4 in Air Magic
   862 | D:1      | Huge Dmg: 4 dmg
  1023 | D:1      | Huge Dmg: 4 dmg
  1085 | D:1      | Huge Dmg: 8 dmg
  1086 | D:1      | Huge Dmg: 3 dmg
  1111 | D:1      | Reached XP level 3. HP: 13/24 MP: 3/6
  1256 | D:1      | Huge Dmg: 5 dmg
  1438 | D:2      | Noticed Jessica
  1445 | D:2      | Learned a level 3 spell: Static Discharge
  1448 | D:2      | Learned a level 2 spell: Swiftness
  1478 | D:2      | Killed Jessica
  1478 | D:2      | Reached skill level 5 in Air Magic
  1478 | D:2      | Reached XP level 4. HP: 30/30 MP: 3/7
  2121 | D:2      | Noticed Sigmund
  2783 | D:3      | Reached XP level 5. HP: 35/35 MP: 9/9
  2860 | D:3      | Reached skill level 6 in Air Magic
  2999 | D:3      | Learned a level 2 spell: Repel Missiles
  3095 | D:3      | Noticed Ijyb
  3137 | D:3      | Paralysed by Ijyb for 3 turns
  3142 | D:3      | Killed Ijyb
  3589 | D:4      | Huge Dmg: 9 dmg
  3706 | D:4      | Found a glowing golden altar of the Shining One.
  4202 | D:4      | Found a shadowy altar of Dithmenos.
  4202 | D:4      | Noticed a phantom
  4235 | D:4      | Killed a phantom
  4235 | D:4      | Reached skill level 7 in Air Magic
  4235 | D:4      | Reached XP level 6. HP: 36/41 MP: 7/10
  4825 | D:5      | Entered Level 5 of the Dungeon
  5039 | D:5      | Found a burning altar of Makhleb.
  5047 | D:5      | Reached skill level 8 in Air Magic
  5180 | D:5      | Reached XP level 7. HP: 46/46 MP: 12/12
  5546 | D:6      | Identified a scroll of acquirement
  5549 | D:6      | dangnamit
  5549 | D:6      | acquired a staff of wizardry grrr
  5782 | D:7      | Huge Dmg: 7 dmg
  5783 | D:7      | Shot with an arrow by a centaur

Action                   |  1- 3 |  4- 6 |  7- 9 || total
-------------------------+-------+-------+-------++-------
Melee: Unarmed           |     3 |       |       ||     3
       Short sword       |    17 |       |       ||    17
       Halberd           |    17 |    23 |       ||    40
       Broad axe         |       |    30 |       ||    30
       Dagger            |       |     5 |     7 ||    12
       Mace              |       |     5 |       ||     5
Throw: Dart              |     1 |     1 |       ||     2
 Cast: Shock             |    46 |   171 |    46 ||   263
       Static Discharge  |       |     1 |     3 ||     4
       Repel Missiles    |       |     3 |     2 ||     5
 Abil: Bottle Blood      |       |     5 |     4 ||     9
Evoke: Wand              |       |     3 |       ||     3
  Use: Scroll            |     2 |     5 |     8 ||    15
       Potion            |     1 |     2 |     3 ||     6
 Stab: Sleeping          |     1 |     2 |     1 ||     4

Vault maps used:
D:1:      shiori_arrival_maze, grunt_decor_cap
D:2:      uniq_jessica, uniq_sigmund
D:3:      kennysheep_goblin_castle
D:4:      tso_oasis_becter, grunt_dithmenos_shadows, first_bread,
          grunt_decor_one_mirror
D:5:      lemuel_upstairs_altar, makhleb_blood_cavern_becter
D:7:      temple_green, gup_ossuary_entry_pyramid, grunt_ogre_cave
